 Dungeon Crawl Stone Soup version 0.29.1-2-gbd0b4ee654 (webtiles) character file.

Game seed: 5591306811970792798

81 LustLizard the Insei (level 4, 0/34 HPs)
             Began as a Demigod Transmuter on Dec 1, 2022.
             Slain by Terence
             ... wielding a +0 hand axe
              (4 damage)
             ... on level 2 of the Dungeon.
             The game lasted 00:03:42 (2092 turns).

LustLizard the Insei (Demigod Transmuter)           Turns: 2092, Time: 00:03:42

Health: 0/34       AC:  2    Str: 17    XL:     4   Next: 0%
Magic:  8/10       EV: 12    Int: 19    God:
Gold:   96         SH:  0    Dex: 14    Spells: 0/7 levels left

rFire   . . .      SeeInvis .   g - +0 short sword
rCold   . . .      Faith    .   (no shield)
rNeg    . . .      Spirit   .   a - +0 robe
rPois   .          Reflect  .   (helmet currently unavailable)
rElec   .          Harm     .   (no cloak)
rCorr   .          Rampage  .   (no gloves)
Will    .....                   (boots currently unavailable)
Stlth   +.........              (no amulet)
HPRegen 0.11/turn               l - +6 ring of strength
MPRegen 0.12/turn               (no ring)

@: confused, appendages, wereblooded
A: horns 2, talons 2, high MP 1, forlorn, divine attributes
a: End Transformation


You were on level 2 of the Dungeon.
You had temporarily grown beastly horns and talons.
You visited 1 branch of the dungeon, and saw 2 of its levels.

You collected 96 gold pieces.

Inventory:

Hand Weapons
 e - a +0 dagger
 g - a +0 short sword (weapon)
Armour
 a - a +0 robe (worn)
 m - a +0 pair of boots (melded)
Jewellery
 l - a +6 ring of strength (left hand)
Scrolls
 d - 2 scrolls of identify
 f - a scroll of poison {unknown}
 i - a scroll of silence {unknown}
 j - a scroll of fog {unknown}
Potions
 b - a potion of lignification
 c - 2 potions of curing {unknown}
 h - a potion of might {unknown}
 k - a potion of mutation {unknown}


   Skills:
 - Level 0.8 Fighting
 - Level 1.7 Dodging
 * Level 3.6 Unarmed Combat
 + Level 2.2 Spellcasting
 * Level 2.9 Transmutations
 * Level 0.0 Ice Magic


You couldn't memorise any spells.
You knew the following spells:

 Your Spells              Type           Power      Damage    Failure   Level
a - Beastly Appendage     Tmut           26%        N/A       4%          1
b - Wereblood             Tmut           13%        N/A       8%          2
c - Ice Form              Ice/Tmut       7%         N/A       65%         4

Your spell library contained the following spells:

 Spells                   Type           Power      Damage    Failure   Level
 Apportation              Tloc           4%         N/A       17%         1
 Necrotise                Necr           8%         1d4       17%         1
 Summon Small Mammal      Summ           8%         N/A       17%         1
 Spider Form              Tmut/Pois      7%         N/A       26%         3


Dungeon Overview and Level Annotations

Branches:
Dungeon (2/15)

Annotations:
D:2 Terence


Innate Abilities, Weirdness & Mutations

You have temporarily grown beastly horns and talons.
You have an increased reservoir of magic. (+10% MP)
You shall have no god before yourself.
Your divine heritage dramatically boosts your attributes as you level up.


Message History

You open the door.
There is an open door here.
There is an open door here.
There is a stone staircase leading up here.
Terence the Incautious comes into view.
He is wielding a +0 hand axe and carrying a wand of light (9).
Terence shouts!
Terence drinks a potion.
Terence seems to speed up.
Casting: Wereblood (safe; 8% risk of failure)
Confirm with . or Enter, or press ? or * to list all spells.
You grow a pair of large bovine horns.
Your feet morph into talons.
Your +0 pair of boots melds into your body.
Casting: Beastly Appendage (safe; 4% risk of failure)
Confirm with . or Enter, or press ? or * to list all spells.
Your blood is infused with primal strength.
You hit Terence but do no damage. Your kick misses Terence.
Your headbutt misses Terence. Terence hits you with a +0 hand axe!
Terence misses you.
You barely miss Terence. You claw Terence, but do no damage.
You headbutt Terence.
Terence is lightly wounded.
Terence closely misses you.
Terence zaps a wand.
The bolt of light hits you!
You closely miss Terence. You claw Terence.
Terence is lightly wounded.
Terence barely misses you.
You hit Terence but do no damage. You claw Terence. You headbutt Terence.
Terence is moderately wounded.
Terence closely misses you.
Terence zaps a wand.
The bolt of light hits you!
You are confused.
* * * LOW HITPOINT WARNING * * *
Okay, then.
You are too confused!
Unknown command.
You closely miss Terence. Your headbutt misses Terence.
Terence is moderately wounded.
Terence zaps a wand.
The bolt of light misses you. Terence hits you but does no damage.
You barely miss Terence. Your kick misses Terence.
Terence is moderately wounded.
Terence hits you with a +0 hand axe.
You die...

#.#.#...#.#.# #.#
###.#.#...#.#.# #.#
....#.#...#.#.# #.#
#####.#...#.#.# #.#
.........<..#.# #$#
.......#..###.# #.#
.......'..#...# #.#
.......#.##.#####@#
.......#.##.....@.#
.......#.##########
.......#.#
.......#.#
.......#.#
.......#.#
.......#.#
.......#.#
..._...#.#


You could see Terence (fast).

Vanquished Creatures
  3 adders (D:2)
  A worm (D:2)
  2 dart slugs (D:2)
  4 endoplasms
  A giant cockroach (D:1)
  6 goblins
  4 hobgoblins
  3 jackals (D:2)
  2 kobolds (D:2)
  2 quokkas
  3 ball pythons
  3 bats
  6 frilled lizards
  8 rats
48 creatures vanquished.

Notes
Turn   | Place    | Note
-------+----------+-------------------------------------------
     0 | D:1      | LustLizard the Demigod Transmuter began the quest for the
                  | Orb.
     0 | D:1      | Reached XP level 1. HP: 15/15 MP: 5/5
   621 | D:1      | Reached skill level 3 in Unarmed Combat
   621 | D:1      | Reached XP level 2. HP: 22/22 MP: 5/7
   624 | D:1      | Learned a level 2 spell: Wereblood
  1016 | D:2      | Reached XP level 3. HP: 27/27 MP: 8/8
  1946 | D:2      | Reached XP level 4. HP: 34/34 MP: 6/10
  1959 | D:2      | Learned a level 4 spell: Ice Form
  2081 | D:2      | Noticed Terence
  2092 | D:2      | Slain by Terence

Illustrated notes

Levels and vault maps discovered:
D:1:      scummos_arrival_hexagon, layout_basic
D:2:      layout_basic, basic_altar, minmay_surrounded, uniq_terence

Skill      XL: |  1  2 |
---------------+-------+-----
Transmutations | 2 |  2.9
Unarmed Combat | 3 |  3.6
Spellcasting   | 2 |  2.2
Fighting       | |  0.8
Dodging        | |  1.7

Action                   |  1- 3 |  4- 6 || total
-------------------------+-------+-------++-------
Melee: Dagger            |    10 |       ||    10
       Unarmed           |     6 |       ||     6
       Kick              |    20 |     3 ||    23
       Short sword       |    80 |     6 ||    86
       Headbutt          |    12 |     2 ||    14
       Punch             |     1 |       ||     1
 Cast: Beastly Appendage |    25 |     1 ||    26
       Wereblood         |     2 |     1 ||     3
  Use: Scroll            |     1 |       ||     1
Armor: Robe              |    12 |     1 ||    13
Dodge: Dodged            |    45 |     5 ||    50
